 Dungeon Crawl Stone Soup version 0.23.2-1-ga50397a (webtiles) character file.

Game seed: 11328410519697540174

123 Leeroy the Conjurer (level 4, -6/33 HPs)
             Began as a Draconian Conjurer on Apr 16, 2019.
             Mangled by Sigmund
             ... wielding a +0 scythe
              (9 damage)
             ... on level 3 of the Dungeon.
             The game lasted 00:04:31 (1676 turns).

Leeroy the Conjurer (Draconian Conjurer)            Turns: 1676, Time: 00:04:32

Health: -6/33      AC:  6    Str: 10    XL:     4   Next: 80%
Magic:  0/7        EV: 11    Int: 16    God:
Gold:   104        SH:  5    Dex: 12    Spells: 4/7 levels left

rFire    . . .     SeeInvis .   e - +0 short sword (drain)
rCold    . . .     Gourm    .   g - +2 buckler
rNeg     . . .     Faith    .   (armour unavailable)
rPois    .         Spirit   .   (helmet restricted)
rElec    .         Reflect  .   (no cloak)
rCorr    .         Harm     .   (no gloves)
MR       .....                  n - +0 pair of boots
Stlth    ++........             (no amulet)
HPRegen  0.11/turn              (no ring)
MPRegen  0.10/turn              (no ring)

@: no status effects
A: unfitting armour, cold-blooded, AC +5
a: no special abilities


You were on level 3 of the Dungeon.
You were not hungry.

You visited 1 branch of the dungeon, and saw 3 of its levels.

You collected 104 gold pieces.

Inventory:

Hand Weapons
 e - a +0 short sword of draining (weapon)
 f - a +2 dagger of holy wrath
Armour
 g - a +2 buckler (worn)
 n - a +0 pair of boots (worn)
Scrolls
 a - 3 scrolls of teleportation {unknown}
 d - a scroll of noise {unknown}
 h - 2 scrolls of identify {unknown}
 i - a scroll of fog {unknown}
 j - a scroll of fear {unknown}
 l - a scroll of amnesia {unknown}
 o - a scroll of remove curse {unknown}
Potions
 c - 3 potions of degeneration {unknown}
 m - 3 potions of flight {unknown}
Comestibles
 b - 3 rations
 k - 2 chunks of flesh


   Skills:
 - Level 1.7 Dodging
 - Level 1.7 Stealth
 - Level 2.0 Spellcasting
 + Level 6.2 Conjurations


You had 4 spell levels left.
You knew the following spells:

 Your Spells              Type           Power        Failure   Level  Hunger
a - Magic Dart            Conj           ###.         2%          1    #......
b - Searing Ray           Conj           ###...       4%          2    ###....

Your spell library contained the following spells:

 Spells                   Type           Power        Failure   Level  Hunger
 Iskenderun's Mystic Bla  Conj           ###.....     26%         4    #####..
 Dazzling Spray           Conj/Hex       ##....       28%         3    ###....
 Force Lance              Conj/Tloc      ##......     67%         4    #####..
 Fulminant Prism          Conj/Hex       ##........   67%         4    #####..


Dungeon Overview and Level Annotations

Branches:
Dungeon (3/15)

Altars:

Annotations:
D:3 Sigmund


Innate Abilities, Weirdness & Mutations

Your plain brown scales are hard. (AC +5)
You cannot fit into any form of body armour.
You are cold-blooded and may be slowed by cold attacks.


Message History

You block the frilled lizard's attack. x2
You miss the frilled lizard. You tail-slap the frilled lizard.
You kill the frilled lizard!
The kobold throws a stone.
The stone barely misses you.
Casting: Searing Ray (safe; 4% risk of failure)
Confirm with . or Enter, or press ? or * to list all spells.
Aiming: Searing Ray (safe; 4% risk of failure)
Press: ? - help, Shift-Dir - straight line, f - jackal
Aim: a jackal The searing ray hits the kobold.
You kill the kobold! (Press . to maintain the ray.)
The searing ray hits the jackal.
The jackal is severely wounded.
The jackal closely misses you.
Without enough magic to sustain it, your searing ray dissipates.
The jackal barely misses you. Something hits you.
* * * LOW HITPOINT WARNING * * *
You block the jackal's attack. Something hits you!
You die...

.#.. ..... #....
#...# #..l.###
.....##
#..######.†.#
#.....@h{...##.##.
##########.........
#....%....
#.........
#...h...#.
###...### .#.# ##..
.#


You could see a jackal.

Vanquished Creatures
  Natasha (D:3)
  4 adders (D:2)
  A gnoll (D:1)
  An ooze (D:2)
  3 dart slugs
  2 leopard geckos (D:2)
  4 bats (D:1)
  2 giant cockroaches
  4 goblins
  2 hobgoblins (D:2)
  5 jackals
  6 kobolds
  A quokka (D:2)
  5 frilled lizards
  4 rats (D:1)
45 creatures vanquished.

Notes
Turn   | Place    | Note
-------+----------+-------------------------------------------
     0 | D:1      | Leeroy the Draconian Conjurer began the quest for the Orb.
     0 | D:1      | Reached XP level 1. HP: 14/14 MP: 3/3
    64 | D:1      | Reached XP level 2. HP: 12/20 MP: 0/5
    71 | D:1      | Learned a level 2 spell: Searing Ray
   690 | D:1      | Reached skill level 5 in Conjurations
   926 | D:1      | Reached XP level 3. HP: 22/26 MP: 6/6
  1084 | D:2      | Reached XP level 4. HP: 32/33 MP: 7/7
  1643 | D:3      | Noticed Natasha
  1663 | D:3      | Noticed Sigmund
  1665 | D:3      | Killed Natasha
  1665 | D:3      | Reached skill level 6 in Conjurations
  1676 | D:3      | Mangled by Sigmund

Skill      XL: |  1  2  3  4 |
---------------+-------------+-----
Conjurations   | 5 6 |  6.2
Dodging        | |  1.7
Stealth        | |  1.7
Spellcasting   | |  2.0

Action                   |  1- 3 |  4- 6 || total
-------------------------+-------+-------++-------
Melee: Unarmed           |     4 |       ||     4
       Tailslap          |     5 |     5 ||    10
       Short sword       |    40 |    60 ||   100
 Cast: Magic Dart        |    19 |     1 ||    20
       Searing Ray       |     4 |     2 ||     6
 Stab: Sleeping          |     1 |     4 ||     5
  Eat: Chunk             |     1 |     2 ||     3
Armor: Skin              |     9 |    19 ||    28
Dodge: Dodged            |    20 |    28 ||    48
Block: Buckler           |     6 |    12 ||    18
